AoeStats
← El_Roger!

MegaRandom

507818724Analyzed
4v4 RM · 12d ago on Sep 19, 2026· 40m 56s· 8 players
Game mode
Random Map
Map size
Large (8 player)
Population
200
Speed
Normal
Resources
Standard
Victory
Conquest
Starting age
Dark Age
Ending age
Imperial Age
RankedLock teamsTeams togetherTeam positionsShared explorationLock speedFull tech treeHidden civsTurbo modeCheats
Victory
Defeat
🇳🇱 Tatars · Netherlands
1132
+13
🇳🇱 Khmer · Netherlands
1120
+14
🇳🇱 Magyars · Netherlands
1077
+16
🇳🇱 Japanese · Netherlands
932
+21
🇨🇴 Muisca · Colombia
1072
-16
🇫🇷 Franks · France
1070
-16
🇧🇪 Mongols · Belgium
1062
-16
🇷🇺 Byzantines · Russia
1059
-16
Mizuky v
11:42 Feudal Age
15:27 Loom
20:20 Castle Age
21:57 Stone Mining
22:01 Double-Bit Axe
27:05 Light Cavalry
28:41 Wheelbarrow
29:49 Husbandry
30:01 Forging
31:57 Fletching
36:55 Hand Cart
37:28 Iron Casting
36:59 Scale Barding Armor
41:15 Imperial Age
El_Roger!
12:21 Feudal Age
13:40 Double-Bit Axe
14:03 Loom
22:30 Fletching
26:33 Castle Age
25:24 Padded Archer Armor
26:54 Crossbowman
27:50 Pikeman
29:09 Ballistics
JeiDeSAI
2:52 Loom
10:52 Feudal Age
17:51 Castle Age
17:21 Horse Collar
20:29 Fletching
25:40 Double-Bit Axe
26:05 Heavy Plow
26:12 Gold Mining
28:06 Bodkin Arrow
Jo_
2:36 Loom
8:50 Feudal Age
9:16 Double-Bit Axe
9:16 Horse Collar
21:17 Castle Age
20:04 Gold Mining
20:43 Stone Mining
24:43 Padded Archer Armor
29:19 Fletching
Paink1llerX
8:15 Loom
11:12 Feudal Age
13:21 Double-Bit Axe
16:58 Castle Age
16:18 Fletching
20:45 Ballistics
21:07 Bodkin Arrow
22:07 Bow Saw
27:09 Bloodlines
27:08 Padded Archer Armor
27:41 Horse Collar
37:41 Imperial Age
39:54 Chemistry
39:25 Heavy Plow
39:22 Capped Ram
Groothoofd
10:45 Feudal Age
9:42 Loom
15:22 Castle Age
14:54 Horse Collar
15:21 Double-Bit Axe
16:19 Scale Barding Armor
18:59 Husbandry
19:58 Bloodlines
20:28 Forging
22:24 Iron Casting
25:51 Wheelbarrow
25:48 Chain Barding Armor
30:22 Bow Saw
35:15 Gold Mining
Bayani
4:12 Loom
10:38 Feudal Age
19:12 Castle Age
17:14 Double-Bit Axe
19:30 Fletching
19:40 Padded Archer Armor
22:33 Leather Archer Armor
24:53 Town Watch
25:07 Bodkin Arrow
28:13 Stone Mining
29:24 Thumb Ring
30:44 Ballistics
34:50 Scale Barding Armor
36:15 Town Patrol
39:27 Chain Barding Armor
MattMatty
6:47 Loom
10:03 Feudal Age
19:42 Castle Age
19:51 Scale Barding Armor
20:30 Husbandry
20:40 Bloodlines
20:59 Bloodlines
22:02 Light Cavalry
25:02 Chain Barding Armor
25:26 Horse Collar
29:20 Wheelbarrow
31:01 Hand Cart
33:47 Forging
37:05 Imperial Age
37:15 Elite Steppe Lancer
37:20 Heavy Camel Rider
38:38 Plate Barding Armor
40:27 Iron Casting
40:11 Silk Armor
40:22 Timurid Siegecraft
Connection lost

Rejoining the realm…

Still unreachable

The connection could not be restored.

Session expired

The server has moved on; the page needs a fresh start.